PBL
HAMILTON CARDINALS @ YORK REVOLUTION
09/18/2048
 
TOP OF THE 1ST
Hamilton Cardinals batting - Pitching for York Revolution : LHP Dave Serna
Pitching: LHP Dave Serna
Batting: RHB Dan Wages 0-0: Ground out 4-3 (Groundball, 4, EV 110.0 MPH)
Batting: LHB Rafael Banda 0-0: Ball
1-0: Ball
2-0: Ball
3-0: Called Strike
3-1: SINGLE (Groundball, 34D, EV 101.9 MPH)
Batting: SHB J.T. Ready 0-0: Ball
1-0: Called Strike
1-1: Foul Ball, location: 2F
1-2: Foul Ball, location: 2F
1-2: Strikes out swinging
Batting: RHB Edgar Klockow 0-0: Foul Ball, location: 2F
0-1: Ball
1-1: Called Strike
1-2: Foul Ball, location: 2F
1-2: SINGLE (Groundball, 56D, EV 100.6 MPH)
Rafael Banda to second
Batting: LHB Pete Mitchell 0-0: Ball
1-0: DOUBLE (Line Drive, 89XD, EV 102.5 MPH)
Rafael Banda scores
Edgar Klockow to third
Runner from 3rd tries for Home, SAFE, throw by RF to trailing runner, SAFE at third!
Batting: SHB Kelly Brooks 0-0: Called Strike
0-1: Fly out, F9 (Line Drive, 9S, EV 95.0 MPH)
Top of the 1st over - 2 runs, 3 hits, 0 errors, 1 left on base; Hamilton 2 - York 0
BOTTOM OF THE 1ST
York Revolution batting - Pitching for Hamilton Cardinals : RHP Corey Shelton
Pitching: RHP Corey Shelton
Batting: LHB Jean-Claude Vanbiesbrouck 0-0: Swinging Strike
0-1: Ball
1-1: Foul Ball, location: 2F
1-2: Ball
2-2: Foul Ball, location: 2F
2-2: Strikes out looking
Batting: LHB Dennis French 0-0: Ball
1-0: Called Strike
1-1: Foul Ball, location: 2F
1-2: Fly out, F9 (Line Drive, 9S, EV 92.5 MPH)
Batting: LHB Mike Hawk 0-0: Ball
1-0: Ball
2-0: Ground out 1-3 (Groundball, 34S, EV 61.9 MPH)
Bottom of the 1st over - 0 runs, 0 hits, 0 errors, 0 left on base; Hamilton 2 - York 0
TOP OF THE 2ND
Hamilton Cardinals batting - Pitching for York Revolution : LHP Dave Serna
Batting: LHB Doug Nebel 0-0: Ball
1-0: Fly out, F9 (Flyball, 89S, EV 80.6 MPH)
Batting: RHB Oscar Higareda 0-0: Ball
1-0: DOUBLE (Line Drive, 78D, EV 106.9 MPH)
Batting: SHB Brad Meyer 0-0: Called Strike
0-1: Called Strike
0-2: Ball
1-2: 2-RUN HOME RUN (Flyball, 7D, EV 98.8 MPH), Distance : 375 ft
Batting: RHB Dan Wages 0-0: Foul Ball, location: 2F
0-1: Foul Ball, location: 2F
0-2: Strikes out swinging
Batting: LHB Rafael Banda 0-0: Ground out 4-3 (Groundball, 34D, EV 109.4 MPH)
Top of the 2nd over - 2 runs, 2 hits, 0 errors, 0 left on base; Hamilton 4 - York 0
BOTTOM OF THE 2ND
York Revolution batting - Pitching for Hamilton Cardinals : RHP Corey Shelton
Batting: LHB Ryan Young 0-0: Swinging Strike
0-1: Ball
1-1: Foul Ball, location: 2F
1-2: Ball
2-2: SOLO HOME RUN (Line Drive, 9LD, EV 96.9 MPH), Distance : 349 ft
Batting: RHB Juan Gonzalez 0-0: Fly out, F8 (Flyball, 8LXD, EV 82.5 MPH)
Batting: RHB Teh-huai Jiang 0-0: Called Strike
0-1: Foul Ball, location: 2F
0-2: Ball
1-2: Ball
2-2: Ball
3-2: Fly out, F9 (Flyball, 9LD, EV 98.8 MPH)
Batting: RHB Dan Shaffer 0-0: Called Strike
0-1: Ball
1-1: Ball
2-1: Called Strike
2-2: Ball
3-2: Foul Ball, location: 2F
3-2: Strikes out looking
Bottom of the 2nd over - 1 run, 1 hit, 0 errors, 0 left on base; Hamilton 4 - York 1
TOP OF THE 3RD
Hamilton Cardinals batting - Pitching for York Revolution : LHP Dave Serna
Batting: SHB J.T. Ready 0-0: Called Strike
0-1: Called Strike
0-2: Ball
1-2: Ball
2-2: Ball
3-2: Reached on error, E5 (Groundball, 56, EV 85.6 MPH)
Batting: RHB Edgar Klockow 0-0: Called Strike
0-1: Fly out, F7 (Line Drive, 78M, EV 96.9 MPH)
Batting: LHB Pete Mitchell 0-0: Called Strike
0-1: Ball
1-1: DOUBLE (Line Drive, 9LM, EV 88.1 MPH)
J.T. Ready to third
Batting: SHB Kelly Brooks 0-0: Foul Ball, location: 2F
0-1: SINGLE (Groundball, P, EV 80.6 MPH) (infield hit)
J.T. Ready scores
Pete Mitchell to third
Batting: LHB Doug Nebel 0-0: Swinging Strike
0-1: Ball
1-1: Grounds into double play, 4-6-3 (Groundball, 4S, EV 84.4 MPH)
Top of the 3rd over - 1 run, 2 hits, 1 error, 1 left on base; Hamilton 5 - York 1
BOTTOM OF THE 3RD
York Revolution batting - Pitching for Hamilton Cardinals : RHP Corey Shelton
Batting: LHB Quincy Smart 0-0: Ball
1-0: Ball
2-0: Ball
3-0: Called Strike
3-1: Base on Balls
Batting: RHB Jose Hurtado 0-0: Fly out, F8 (Flyball, 8RD, EV 101.2 MPH)
Batting: LHB Jean-Claude Vanbiesbrouck 0-0: Ball
1-0: Ball
2-0: Foul Ball, location: 2F
2-1: Foul Ball, location: 2F
2-2: Foul Ball, location: 2F
2-2: Fly out, F9 (Flyball, 9LSF, EV 83.1 MPH)
Batting: LHB Dennis French 0-0: Ball
1-0: Ball
2-0: Called Strike
2-1: Swinging Strike
2-2: Strikes out swinging
Bottom of the 3rd over - 0 runs, 0 hits, 0 errors, 1 left on base; Hamilton 5 - York 1
TOP OF THE 4TH
Hamilton Cardinals batting - Pitching for York Revolution : LHP Dave Serna
Batting: RHB Oscar Higareda 0-0: Ball
1-0: Ground out 6-3 (Groundball, 6, EV 106.9 MPH)
Batting: SHB Brad Meyer 0-0: Called Strike
0-1: SINGLE (Line Drive, 4M, EV 103.8 MPH)
Batting: RHB Dan Wages 0-0: Ball
1-0: Ball
2-0: Swinging Strike
2-1: Reached on error, E4 (Groundball, 34S, EV 86.2 MPH)
Brad Meyer to second
Batting: LHB Rafael Banda 0-0: Ball
1-0: Called Strike
1-1: Ball
2-1: Foul Ball, location: 2F
2-2: Fly out, F3 (Popup, 34, EV 70.6 MPH)
Batting: SHB J.T. Ready 0-0: Ball
1-0: Ball
2-0: Ball
3-0: Called Strike
3-1: Called Strike
3-2: Foul Ball, location: 2F
3-2: Strikes out swinging
Top of the 4th over - 0 runs, 1 hit, 1 error, 2 left on base; Hamilton 5 - York 1
BOTTOM OF THE 4TH
York Revolution batting - Pitching for Hamilton Cardinals : RHP Corey Shelton
Batting: LHB Mike Hawk 0-0: Ground out 6-3 (Groundball, 56, EV 86.2 MPH)
Batting: LHB Ryan Young 0-0: Swinging Strike
0-1: Ball
1-1: Ball
2-1: Swinging Strike
2-2: Ball
3-2: Base on Balls
Batting: RHB Juan Gonzalez 0-0: Ball
1-0: Foul Ball, location: 2F
1-1: Foul Ball, location: 2F
1-2: Ball
2-2: Strikes out swinging
Batting: RHB Teh-huai Jiang 0-0: Ball
1-0: Foul Ball, location: 2F
1-1: Called Strike
1-2: Strikes out swinging
Bottom of the 4th over - 0 runs, 0 hits, 0 errors, 1 left on base; Hamilton 5 - York 1
TOP OF THE 5TH
Hamilton Cardinals batting - Pitching for York Revolution : LHP Dave Serna
Pitching: LHP Josh Schmidt
Batting: RHB Edgar Klockow 0-0: Ball
1-0: Ball
2-0: SINGLE (Groundball, 5D, EV 97.5 MPH)
Batting: LHB Pete Mitchell 0-0: Ball
1-0: Ball
2-0: Called Strike
2-1: Called Strike
2-2: Ball
3-2: Strikes out swinging
Batting: SHB Kelly Brooks 0-0: Ball
1-0: Called Strike
1-1: Called Strike
1-2: Fly out, F9 (Line Drive, 9LS, EV 94.4 MPH)
Batting: LHB Doug Nebel 0-0: Called Strike
Edgar Klockow is caught stealing 2nd base 2-6
Top of the 5th over - 0 runs, 1 hit, 0 errors, 0 left on base; Hamilton 5 - York 1
BOTTOM OF THE 5TH
York Revolution batting - Pitching for Hamilton Cardinals : RHP Corey Shelton
Batting: RHB Dan Shaffer 0-0: Swinging Strike
0-1: Ball
1-1: Foul Ball, location: 2F
1-2: Strikes out looking
Batting: LHB Quincy Smart 0-0: Called Strike
0-1: Ball
1-1: Swinging Strike
1-2: Strikes out swinging
Batting: RHB Jose Hurtado 0-0: Foul Ball, location: 2F
0-1: SINGLE (Groundball, 6MS, EV 69.4 MPH) (infield hit)
Batting: LHB Jean-Claude Vanbiesbrouck 0-0: Called Strike
0-1: Ball
1-1: Ball
2-1: Ball
3-1: Called Strike
3-2: Fly out, F9 (Line Drive, 9, EV 90.0 MPH)
Bottom of the 5th over - 0 runs, 1 hit, 0 errors, 1 left on base; Hamilton 5 - York 1
TOP OF THE 6TH
Hamilton Cardinals batting - Pitching for York Revolution : LHP Josh Schmidt
Batting: LHB Doug Nebel 0-0: Called Strike
0-1: Ball
1-1: Fly out, F8 (Flyball, 8RM, EV 83.8 MPH)
Batting: RHB Oscar Higareda 0-0: Foul Ball, location: 2F
0-1: Swinging Strike
0-2: Ball
1-2: Ball
2-2: Strikes out swinging
Batting: SHB Brad Meyer 0-0: Ball
1-0: Ball
2-0: Called Strike
2-1: Foul Ball, location: 2F
2-2: Strikes out swinging
Top of the 6th over - 0 runs, 0 hits, 0 errors, 0 left on base; Hamilton 5 - York 1
BOTTOM OF THE 6TH
York Revolution batting - Pitching for Hamilton Cardinals : RHP Corey Shelton
Batting: LHB Dennis French 0-0: Ball
1-0: Ball
2-0: Foul Ball, location: 2F
2-1: Swinging Strike
2-2: Foul Ball, location: 2F
2-2: Foul Ball, location: 2F
2-2: Ball
3-2: SOLO HOME RUN (Flyball, 8RXD, EV 108.8 MPH), Distance : 437 ft
Batting: LHB Mike Hawk 0-0: Called Strike
0-1: Ball
1-1: Foul Ball, location: 2F
1-2: Foul Ball, location: 2F
1-2: Strikes out swinging
Pitching: RHP Mike MacDougall
Batting: LHB Ryan Young 0-0: Foul Ball, location: 2F
0-1: Ball
1-1: Foul Ball, location: 2F
1-2: Ball
2-2: Foul Ball, location: 2F
2-2: Ball
3-2: SOLO HOME RUN (Flyball, 89XD, EV 98.8 MPH), Distance : 388 ft
Batting: RHB Juan Gonzalez 0-0: Swinging Strike
0-1: Swinging Strike
0-2: Ball
1-2: Strikes out swinging
Batting: RHB Teh-huai Jiang 0-0: Called Strike
0-1: Called Strike
0-2: Ball
1-2: Ball
2-2: Foul Ball, location: 2F
2-2: Foul Ball, location: 2F
2-2: Ball
3-2: Strikes out swinging
Bottom of the 6th over - 2 runs, 2 hits, 0 errors, 0 left on base; Hamilton 5 - York 3
TOP OF THE 7TH
Hamilton Cardinals batting - Pitching for York Revolution : LHP Josh Schmidt
Pitching: RHP Robert Chauvel
Batting: RHB Dan Wages 0-0: Fly out, F8 (Flyball, 8LM, EV 81.9 MPH)
Batting: LHB Rafael Banda 0-0: Ground out 4-3 (Groundball, 4, EV 88.8 MPH)
Batting: SHB J.T. Ready 0-0: Ball
1-0: Foul Ball, location: 2F
1-1: Swinging Strike
1-2: SINGLE (Groundball, 25, EV 70.0 MPH) (infield hit)
Batting: RHB Edgar Klockow 0-0: Ball
1-0: Ball
2-0: Fly out, F8 (Flyball, 8LM, EV 88.8 MPH)
Top of the 7th over - 0 runs, 1 hit, 0 errors, 1 left on base; Hamilton 5 - York 3
BOTTOM OF THE 7TH
York Revolution batting - Pitching for Hamilton Cardinals : RHP Mike MacDougall
Batting: RHB Dan Shaffer 0-0: Ball
1-0: Swinging Strike
1-1: Fly out, F9 (Line Drive, 9, EV 93.8 MPH)
Batting: LHB Quincy Smart 0-0: Called Strike
0-1: Called Strike
0-2: Ball
1-2: Strikes out swinging
Batting: RHB Jose Hurtado 0-0: Ground out 2-3 (Groundball, 2L, EV 63.8 MPH)
Bottom of the 7th over - 0 runs, 0 hits, 0 errors, 0 left on base; Hamilton 5 - York 3
TOP OF THE 8TH
Hamilton Cardinals batting - Pitching for York Revolution : RHP Robert Chauvel
Batting: LHB Pete Mitchell 0-0: Ball
1-0: Ball
2-0: Called Strike
2-1: Foul Ball, location: 2F
2-2: Strikes out swinging
Batting: SHB Kelly Brooks 0-0: Called Strike
0-1: Ball
1-1: Ball
2-1: Foul Ball, location: 2F
2-2: Strikes out looking
Batting: LHB Doug Nebel 0-0: Ball
1-0: Swinging Strike
1-1: Foul Ball, location: 2F
1-2: Foul Ball, location: 2F
1-2: Foul Ball, location: 2F
1-2: Ball
2-2: Foul Ball, location: 2F
2-2: Strikes out swinging
Top of the 8th over - 0 runs, 0 hits, 0 errors, 0 left on base; Hamilton 5 - York 3
BOTTOM OF THE 8TH
York Revolution batting - Pitching for Hamilton Cardinals : RHP Mike MacDougall
Batting: LHB Jean-Claude Vanbiesbrouck 0-0: Called Strike
0-1: Ball
1-1: Ball
2-1: Called Strike
2-2: Ball
3-2: Base on Balls
Pitching: LHP Tim Dyer
Batting: RHB Nick Maxwell 0-0: Ball
1-0: Ball
2-0: Ball
3-0: Called Strike
3-1: Base on Balls
Jean-Claude Vanbiesbrouck to second
Pinch Hitting: RHB Eddie Serna 0-0: Ball
Passed Ball!
Jean-Claude Vanbiesbrouck to third
Nick Maxwell to second
1-0: Ball
2-0: Fly out, F7 (Flyball, 7, EV 85.0 MPH)
Batting: LHB Ryan Young 0-0: Foul Ball, location: 2F
0-1: Foul Ball, location: 2F
0-2: Ball
1-2: Ball
2-2: Foul Ball, location: 2F
2-2: Strikes out looking
Pitching: RHP Daniel Boulter
Pinch Hitting: SHB Sam Fredrick 0-0: Ball
1-0: Fly out, F5 (Popup, 15, EV 75.6 MPH)
Bottom of the 8th over - 0 runs, 0 hits, 0 errors, 2 left on base; Hamilton 5 - York 3
TOP OF THE 9TH
Hamilton Cardinals batting - Pitching for York Revolution : RHP Robert Chauvel
Pitching: RHP Danny Dean
Now at 1B: Jean-Claude Vanbiesbrouck
Now at SS: Eddie Serna
Now in CF: Steve Kirby
Pinch Hitting: RHB Sal Guzman 0-0: Ball
1-0: Ball
2-0: Ball
3-0: Called Strike
3-1: Foul Ball, location: 2F
3-2: Ground out 6-3 (Groundball, 6, EV 105.6 MPH)
Batting: SHB Brad Meyer 0-0: Called Strike
0-1: Swinging Strike
0-2: Strikes out swinging
Batting: RHB Dan Wages 0-0: Ball
1-0: Ground out 6-3 (Groundball, 6, EV 101.2 MPH)
Top of the 9th over - 0 runs, 0 hits, 0 errors, 0 left on base; Hamilton 5 - York 3
BOTTOM OF THE 9TH
York Revolution batting - Pitching for Hamilton Cardinals : RHP Daniel Boulter
Pitching: LHP Hylnur Albertsson
Now at 2B: Edgar Klockow
Now at 3B: Felipe Campanella
Batting: RHB Teh-huai Jiang 0-0: Swinging Strike
0-1: SINGLE (Groundball, 6S, EV 63.8 MPH) (infield hit)
Pinch Hitting: LHB Jason Duda 0-0: Ball
1-0: Foul Ball, location: 2F
1-1: Ball
2-1: Ball
3-1: Ground out 4-3 (Groundball, 34, EV 101.9 MPH)
Teh-huai Jiang to second
Pinch Hitting: RHB Frank Ramirez 0-0: Foul Ball, location: 2F
0-1: Ball
1-1: Fly out, F8 (Flyball, 78M, EV 88.8 MPH)
Pinch Hitting: RHB Dan Doggett 0-0: Ball
1-0: Called Strike
1-1: Ball
2-1: Swinging Strike
2-2: Ball
3-2: Base on Balls
Batting: LHB Jean-Claude Vanbiesbrouck 0-0: Called Strike
0-1: Ball
1-1: Ball
2-1: Swinging Strike
2-2: Ground out 4-3 (Groundball, 4, EV 105.6 MPH)
Bottom of the 9th over - 0 runs, 1 hit, 0 errors, 2 left on base; Hamilton 5 - York 3
Tuesday, March 28th , 2023 - OOTP Baseball 23.10 Build 110